 Dungeon Crawl Stone Soup version 0.24-a0-307-gf989941 (webtiles) character file.

Game seed: 14761705992602211257

100 MisterFreud the Slasher (level 4, -6/31 HPs)
             Began as an Octopode Fighter on May 10, 2019.
             Mangled by Grinder (10 damage)
             ... while paralysed by Grinder
             ... on level 3 of the Dungeon on May 12, 2019.
             The game lasted 00:03:07 (1832 turns).

MisterFreud the Slasher (Octopode Fighter)          Turns: 1832, Time: 00:03:08

Health: -6/31      AC:  1    Str: 15    XL:     4   Next: 74%
Magic:  4/4        EV:  2    Int: 11    God:
Gold:   31         SH:  0    Dex: 11    Spells: 3/3 levels left

rFire    . . .     SeeInvis .   a - +0 long sword
rCold    . . .     Gourm    .   b - +0 shield
rNeg     . . .     Faith    .   (helmet restricted)
rPois    .         Spirit   .   (no amulet)
rElec    .         Reflect  .   (no ring)
rCorr    .         Harm     .   (no ring)
MR       .....                  (no ring)
Stlth    ++........             (no ring)
HPRegen  0.10/turn              (no ring)
MPRegen  0.09/turn              (no ring)
                                (no ring)
                                (no ring)

@: paralysed, drained
A: almost no armour, stealthy swim, amphibious, 8 rings, constrict 8, camouflage
1, gelatinous body 1
a: no special abilities


You were on level 3 of the Dungeon.
You were not hungry.

You visited 1 branch of the dungeon, and saw 3 of its levels.

You collected 31 gold pieces.

Inventory:

Hand Weapons
 a - a +0 long sword (weapon)
Missiles
 g - 50 arrows
 h - 55 bolts
 k - 75 stones (quivered)
 m - 2 javelins
 n - 7 boomerangs
Armour
 b - a +0 shield (worn)
Scrolls
 e - 2 scrolls of noise {unknown}
 i - 2 scrolls of identify {unknown}
 l - 2 scrolls of remove curse {unknown}
 q - 2 scrolls of teleportation {unknown}
 r - a scroll of amnesia {unknown}
Potions
 c - a potion of might
 f - 2 potions of heal wounds {unknown}
 j - 2 potions of mutation {unknown}
 o - a potion of curing {unknown}
 p - 2 potions of berserk rage {unknown}
Comestibles
 d - 4 rations
 s - 4 chunks of flesh


   Skills:
 - Level 3.0(2.1) Fighting
 + Level 4.8(3.9) Long Blades
 - Level 3.0(2.1) Dodging
 - Level 3.0(2.1) Shields


You had 3 spell levels left.
You didn't know any spells.
Your spell library was empty.

Dungeon Overview and Level Annotations

Branches:
Dungeon (3/15)

Altars:
Kikubaaqudgha
Nemelex Xobeh

Annotations:
D:3 Grinder


Innate Abilities, Weirdness & Mutations

You cannot wear most types of armour.
You are very stealthy in the water. (Stealth+)
You are amphibious.
You can wear up to eight rings at the same time.
You can use your tentacles to constrict eight enemies at once.
Your skin changes colour to match your surroundings (Stealth+).
Your rubbery body absorbs attacks. (AC +1, EV +1)


Message History

You block Grinder's attack. x2
Your shield prevents you from hitting Grinder.
Your grab misses Grinder.
Grinder is lightly wounded.
You block Grinder's attack.
You hit Grinder but do no damage. You grab Grinder. You squeeze Grinder.
Grinder is moderately wounded.
You constrict Grinder. Grinder hits you!
You writhe in agony.
* * * LOW HITPOINT WARNING * * *
You slash Grinder!
Grinder is heavily wounded.
You constrict Grinder, but do no damage.
Grinder gestures at you.
You suddenly lose the ability to move!
You lose your grip on Grinder.
Grinder hits you.
* * * LOW HITPOINT WARNING * * *
You writhe in agony.
* * * LOW HITPOINT WARNING * * *
Grinder hits you!
You die...

#####+#######
#............
#...........!
#............
#....5.......
#....@.....(.
+........%...
#............
##+##'####### #.##.# .⌠
.. ## ##.##.### .# ._.
... .. #.......# .#.#
⌠.⌠
...##.###.####)#.#$#.#
.o.
........#.####.##.#.#.#
.#.#


You could see Grinder.

Vanquished Creatures
  An orc priest (D:3)
  An adder (D:3)
  An ooze (D:1)
  A worm (D:2)
  2 dart slugs
  10 orcs (D:2)
  3 giant cockroaches
  6 goblins
  A hobgoblin (D:1)
  3 jackals (D:1)
  3 kobolds
  A quokka (D:2)
  A ball python (D:3)
  4 bats (D:1)
  3 frilled lizards
  A rat (D:1)
42 creatures vanquished.

Notes
Turn   | Place    | Note
-------+----------+-------------------------------------------
     0 | D:1      | MisterFreud the Octopode Fighter began the quest for the
                  | Orb.
     0 | D:1      | Reached XP level 1. HP: 16/16 MP: 1/1
   111 | D:1      | Reached XP level 2. HP: 16/21 MP: 2/2
   311 | D:1      | Reached skill level 3 in Long Blades
   571 | D:1      | Reached XP level 3. HP: 21/26 MP: 3/3
   695 | D:2      | Found an ancient bone altar of Kikubaaqudgha.
  1149 | D:2      | Reached skill level 4 in Long Blades
  1394 | D:2      | Reached XP level 4. HP: 24/31 MP: 4/4
  1753 | D:3      | Found a sparkling altar of Nemelex Xobeh.
  1769 | D:2      | Upgraded the game from 0.24-a0-292-g5c6fb1c to
                  | 0.24-a0-307-gf989941
  1822 | D:3      | Noticed Grinder
  1830 | D:3      | Paralysed by Grinder for 3 turns
  1832 | D:3      | Mangled by Grinder

Levels and vault maps discovered:
D:1:      sevenhm_arrival_forest_fort_small_3, layout_basic
D:2:      layout_basic, kiku_gazebo_garden_becter, first_ration
D:3:      layout_basic, nemelex_xobeh_ov_fountains_minmay, lemuel_doored_altar,
          uniq_grinder

Skill      XL: |  1  2  3 |
---------------+----------+-----
Long Blades    | 3 4 |  4.8
Fighting       | |  3.0
Dodging        | |  3.0
Shields        | |  3.0

Action                   |  1- 3 |  4- 6 || total
-------------------------+-------+-------++-------
Melee: Long sword        |    64 |    16 ||    80
       Constrict         |    21 |     5 ||    26
       Tentacles         |     7 |     6 ||    13
 Stab: Sleeping          |     5 |     1 ||     6
  Eat: Chunk             |     2 |     1 ||     3
Armor: Skin              |     5 |     1 ||     6
Dodge: Dodged            |    25 |     3 ||    28
Block: Shield            |    27 |     8 ||    35
       Rpst.: Long sword |     8 |     2 ||    10

Table legend:
 A = Non-vault XP
 B = Vault XP
 C = Vault XP percentage of total XP
 D = Non-vault monster count
 E = Vault monster count
 F = Vault count percentage of total count
                 A         B        C        D         E       F
            +---------+---------+-------+---------+---------+-------
      Total |     144 |       0 |   0.0 |      42 |       0 |   0.0
            +---------+---------+-------+---------+---------+-------
        D:1 |      35 |       0 |   0.0 |      18 |       0 |   0.0
        D:2 |      50 |       0 |   0.0 |      18 |       0 |   0.0
        D:3 |      59 |       0 |   0.0 |       6 |       0 |   0.0
            +---------+---------+-------+---------+---------+-------
